 Dungeon Crawl Stone Soup version 0.26-a0-365-g11c2b62 (webtiles) character file.

Game seed: 12691190887418929711

261858 Illumine the Blocker (level 19, -11/152 HPs)
             Began as a Gnoll Fighter on July 17, 2020.
             Was the Champion of Okawaru.
             Mangled by a balrug
             ... wielding a +0 demon whip
             ... summoned by a deep elf demonologist
             ... led by an ironheart preserver
              (16 damage)
             ... on level 2 of the Vaults on July 18, 2020.
             The game lasted 01:49:44 (45832 turns).

Illumine the Blocker (Gnoll Fighter)               Turns: 45832, Time: 01:49:44

Health: -11/152    AC: 47    Str: 36      XL:     19   Next: 97%
Magic:  29/35      EV: 19    Int: 14 (15) God:    Okawaru [******]
Gold:   164        SH:  5    Dex: 17      Spells: 37/43 levels left

rFire    . . .     SeeInvis +   a - +9 demon blade (elec)
rCold    . . .     Faith    .   (no shield)
rNeg     . . .     Spirit   .   V - +7 crystal plate armour of the Endless Expanse {Str+4 Int+3}
rPois    .         Reflect  +   z - +0 helmet {SInv}
rElec    .         Harm     .   o - +1 cloak of Beastly Freedom {MR++}
rCorr    .                      I - +1 pair of gloves {Dex+3}
MR       +++..                  i - +1 pair of boots {Stlth+}
Stlth    +.........             G - amulet of reflection
HPRegen  0.35/turn              m - +4 ring of protection
MPRegen  0.24/turn              r - +6 ring of strength

@: liquid flames, heroism, finesse, glowing
A: distributed training, fangs 1, deterioration 1, strong nose
}: 2/15 runes: decaying, serpentine
a: Heroism, Finesse, Renounce Religion


You were on level 2 of the Vaults.
You worshipped Okawaru.
Okawaru was exalted by your worship.
You visited 7 branches of the dungeon, and saw 34 of its levels.
You also visited: Sewer, Bailey and Ice Cave.

You collected 3684 gold pieces.
You spent 3520 gold pieces at shops.

Inventory:

Hand Weapons
 a - a +9 demon blade of electrocution (weapon)
 b - the +8 longbow "Zephyr" {speed, Dex+3 SInv}
   (You bought it in a shop on level 14 of the Dungeon)

   Attacks with this weapon are significantly faster.
   It affects your dexterity (+3).
   It lets you see invisible.
 C - the +1 halberd "Xote" {speed, rN++ SInv Stlth-}
   (You found it on level 10 of the Dungeon)

   Attacks with this weapon are significantly faster.
   It greatly protects you from negative energy.
   It lets you see invisible.
   It makes you less stealthy.
 J - a +2 demon whip of electrocution
 U - the +11 flail of Hospitality {speed, rElec MP+9}
   (You found it on level 11 of the Dungeon)

   Attacks with this weapon are significantly faster.
   It insulates you from electricity.
   It affects your magic capacity (+9).
Missiles
 L - 54 boomerangs (quivered)
 N - 357 arrows
Armour
 i - a +1 pair of boots of stealth (worn)
 k - the +5 ring mail "Garchaonk" {rPois}
   (Okawaru gifted it to you on level 1 of the Snake Pit)

   It protects you from poison.
 o - the +1 cloak of Beastly Freedom (worn) {MR++}
   (You acquired it on level 1 of the Snake Pit)

   It affects your resistance to hostile enchantments.
 z - a +0 helmet of see invisible (worn)
 I - a +1 pair of gloves of dexterity (worn)
 V - the +7 crystal plate armour of the Endless Expanse (worn) {Str+4 Int+3}
   (Okawaru gifted it to you on level 4 of the Snake Pit)

   It affects your strength (+4).
   It affects your intelligence (+3).
Jewellery
 e - an uncursed amulet of regeneration
 h - an uncursed ring of positive energy
 m - a +4 ring of protection (left hand)
 r - a +6 ring of strength (right hand)
 v - an uncursed ring of resist corrosion
 w - an uncursed ring of see invisible
 x - an uncursed ring of positive energy
 A - an uncursed ring of ice
 G - an amulet of reflection (around neck)
 R - a +6 ring of dexterity
 T - the ring "Hucwaw" {Ice rPois}
   (You found it in an ice cave)

   [ring of ice]

   It enhances your ice magic.
   It makes you vulnerable to fire.
   It protects you from cold.
   It protects you from poison.
Wands
 c - a wand of disintegration (7)
 g - a wand of iceblast (21)
 t - a wand of paralysis (9)
 y - a wand of enslavement (12)
 B - a wand of clouds (8)
 H - a wand of acid (20)
 X - a wand of digging (5)
Scrolls
 d - 3 scrolls of magic mapping
 j - 3 scrolls of identify
 l - 6 scrolls of blinking
 n - 16 scrolls of remove curse
 p - 16 scrolls of teleportation
 s - 6 scrolls of fear
 E - 4 scrolls of fog
 O - 2 scrolls of silence
Potions
 q - 7 potions of flight
 u - 10 potions of curing
 D - a potion of resistance
 P - 4 potions of might
 Q - 5 potions of haste
 W - 3 potions of heal wounds
 Y - 3 potions of berserk rage
Miscellaneous
 f - a phial of floods
 K - a phantom mirror
 S - a lightning rod (4/4)


   Skills:
 + Level 14.2(19.2) Fighting
 + Level 12.9(17.9) Short Blades
 + Level 13.5(18.5) Long Blades
 + Level 12.9(17.9) Axes
 + Level 12.9(17.9) Maces & Flails
 + Level 12.9(17.9) Polearms
 + Level 12.9(17.9) Staves
 + Level 12.9(17.9) Slings
 + Level 12.9(17.9) Bows
 + Level 12.9(17.9) Crossbows
 + Level 12.9(17.9) Throwing
 + Level 14.2(19.2) Armour
 + Level 12.9(17.9) Dodging
 + Level 12.9(17.9) Stealth
 + Level 14.2(19.2) Shields
 + Level 12.9(17.9) Unarmed Combat
 + Level 12.9 Spellcasting
 + Level 11.1 Conjurations
 + Level 11.1 Hexes
   Level 0.0 Charms
 + Level 11.1 Summonings
 + Level 11.1 Necromancy
 + Level 11.1 Translocations
 + Level 11.1 Transmutations
 + Level 11.1 Fire Magic
 + Level 11.1 Ice Magic
 + Level 11.1 Air Magic
 + Level 11.1 Earth Magic
 + Level 11.1 Poison Magic
 + Level 13.9 Invocations
 + Level 12.9 Evocations


You had 37 spell levels left.
You knew the following spells:

 Your Spells              Type           Power        Failure   Level
a - Apportation           Tloc           #####.       1%          1
b - Wereblood             Tmut           #####...     1%          2
c - Portal Projectile     Hex/Tloc       #####.       1%          3

Your spell library contained the following spells:

 Spells                   Type           Power        Failure   Level
 Animate Skeleton         Necr           #####.       1%          1
 Beastly Appendage        Tmut           #####.       1%          1
 Corona                   Hex            #####..      1%          1
 Magic Dart               Conj           ####         1%          1
 Summon Small Mammal      Summ           ####         1%          1
 Searing Ray              Conj           #####.       1%          2
 Slow                     Hex            #####...     1%          2
 Confusing Touch          Hex            #####...     1%          3
 Dazzling Flash           Conj/Hex       #####.       1%          3
 Gell's Gravitas          Tloc           #####.....   1%          3
 Inner Flame              Hex/Fire       #####...     1%          3
 Spider Form              Tmut/Pois      #####.....   1%          3
 Cause Fear               Hex            #####.....   6%          4
 Fulminant Prism          Conj/Hex       #####.....   6%          4
 Ice Form                 Ice/Tmut       #####...     6%          4
 Iskenderun's Mystic Bla  Conj/Tloc      #####...     6%          4
 Leda's Liquefaction      Hex/Erth       #####.....   6%          4
 Petrify                  Tmut/Erth      #####...     6%          4
 Blade Hands              Tmut           #####.....   17%         5
 Bolt of Magma            Conj/Fire/Erth #####.....   17%         5
 Irradiate                Conj/Tmut      #####.....   17%         5
 Metabolic Englaciation   Hex/Ice        #####.....   17%         5
 Summon Demon             Summ           #####.....   17%         5
 Summon Forest            Summ/Tloc      #####.....   17%         5
 Summon Mana Viper        Hex/Summ       #####...     17%         5
 Yara's Violent Unravell  Hex/Tmut       #####.....   17%         5
 Hydra Form               Tmut           #####.....   67%         6
 Iron Shot                Conj/Erth      #####.....   67%         6
 Shadow Creatures         Summ           N/A          67%         6
 Statue Form              Tmut/Erth      #####....    67%         6
 Dragon Form              Tmut           #####.....   99%         7
 Summon Hydra             Summ           #####.....   99%         7
 Shatter                  Erth           #####.....   100%        9


Dungeon Overview and Level Annotations

Branches:
Dungeon (15/15)            Temple (1/1) D:4            Lair (6/6) D:8
  Swamp (4/4) Lair:3        Snake (4/4) Lair:4        Slime (0/5) Lair:5
    Orc (2/2) D:12            Elf (0/3) Orc:2        Vaults (2/5) D:14
 Depths (0/5) D:15          Sewer (visited)          Bailey (visited)
  IceCv (visited)
  Crypt: Vaults:2-3

Altars:
Ashenzari
Cheibriados
Dithmenos
Elyvilon
Fedhas
Gozag
Hepliaklqana
Kikubaaqudgha
Makhleb
Nemelex Xobeh
Okawaru
Qazlal
Ru
Sif Muna
Trog
Uskayaw
Vehumet
Wu Jian
Xom
Yredelemnul
Zin
The Shining One
Beogh
Jiyva

Shops:
D:4 }   D:8 *   D:10 *   D:11 *   D:14 (![   D:15 *   Orc:2 **([*
Snake:1 ?*:?   Snake:2 ?   Snake:3 *   Vaults:1 ?*

Annotations:
Lair:5 1 runed translucent door


Innate Abilities, Weirdness & Mutations

Your experience applies equally to all skills.
You have very sharp teeth.
Your uncanny sense of smell can sniff out nearby items.
Your body sometimes deteriorates upon taking damage.


Message History

The balrug hits you with a +0 demon whip.
* * * LOW HITPOINT WARNING * * *
You are engulfed in flames!!
* * * LOW HITPOINT WARNING * * *
Your body deteriorates!
You feel dopey. The cacodemon barely misses you.
You riposte.
You slice the cacodemon!!
The cacodemon is moderately wounded.
You block the cacodemon's attack.
You feel much better.
You are covered in liquid flames!
* * * LOW HITPOINT WARNING * * *
The deep elf demonologist hits you but does no damage.
The slime creature hits you!
* * * LOW HITPOINT WARNING * * *
You block the soul eater's attack.
The orc warrior hits you but does no damage.
The balrug hits you with a +0 demon whip!
* * * LOW HITPOINT WARNING * * *
You are engulfed in flames!
You die...

∆ ∆ #########
#....e..#
#..42J3o#
#(..#@#.#
...p...#e2o3...#
.(.....#31.....#
#+##############
.


You could see a Hell Sentinel (summoned), a cacodemon (summoned), a balrug
(summoned), a slime creature, a soul eater (summoned), 2 deep elf demonologists,
a hellwing (summoned), a sixfirhy (summoned), a smoke demon (summoned), an orc
warrior and an orc.

Vanquished Creatures
  the Lernaean hydra (Swamp:4)
  Asterion (Snake:3)
  A sphinx (D:11)
  2 thorn hunters
  6 nagarajas
  A tengu reaver (D:11)
  2 fire giants (D:11)
  Aizul (Snake:2)
  An orc warlord (Orc:2)
  A vault warden (Vaults:1)
  3 ironheart preservers
  A stone giant (Orc:1)
  Nessos (Lair:6)
  Azrael (D:13)
  A fire dragon (D:11)
  Josephine (D:13)
  3 yaktaur captains (Vaults:1)
  2 ice dragons (Vaults:1)
  A great orb of eyes (Vaults:1)
  19 naga warriors
  8 vault guards (D:14)
  16 hydras
  13 alligators
  4 shambling mangroves
  A catoblepas (Lair:5)
  6 centaur warriors
  13 anacondas
  15 death yaks
  15 two-headed ogres
  A death knight (D:14)
  3 ogre magi
  2 deep troll earth magi (Vaults:1)
  4 orc high priests (Orc:2)
  4 shock serpents
  16 naga sharpshooters
  Nergalle (Lair:1)
  A salamander mystic (Snake:4)
  2 unseen horrors (Vaults:1)
  4 deep trolls
  11 swamp dragons
  A flayed ghost (D:11)
  Pikel (D:5)
  8 naga ritualists
  A lindwurm (Lair:5)
  4 deep elf magi
  4 orc sorcerers
  A phantasmal warrior (D:11)
  5 orc knights
  3 mana vipers (Snake:4)
  23 ugly things
  7 cyclopes
  6 salamanders
  A manticore (Lair:4)
  43 black mambas
  5 guardian serpents
  3 elephants
  Joseph (D:8)
  2 ice statues (IceCv)
  3 torpor snails
  2 vault sentinels (Vaults:1)
  28 naga magi
  A cane toad (shapeshifter) (D:14)
  4 gargoyles
  6 rime drakes
  25 cane toads
  2 centaur skeletons
  A kobold demonologist (D:11)
  13 yaktaurs
  2 efreet (D:11)
  10 komodo dragons
  A freezing wraith (D:14)
  9 ice devils (IceCv)
  A queen bee (D:14)
  A meliai (shapeshifter) (D:14)
  4 trolls
  3 meliai (D:14)
  22 blink frogs
  5 tyrant leeches
  20 hornets
  4 polar bears
  18 dream sheep
  12 bog bodies
  21 hippogriffs
  21 slime creatures
  Sigmund (D:5)
  4 shadows
  14 spriggans
  7 wraiths
  4 water elementals
  19 yaks
  8 wyverns
  3 vampires
  8 basilisks
  3 fire elementals (D:13)
  A steam dragon (D:8)
  23 vampire mosquitoes
  53 nagas
  12 swamp worms
  3 wargs
  An acid dragon (D:11)
  2 soldier ants
  20 water moccasins
  Duvessa (D:7)
  2 hell hounds (D:13)
  2 floating eyes (D:10)
  6 porcupines
  A hornet zombie (D:8)
  4 sky beasts
  11 swamp drakes
  4 ice beasts
  38 orc warriors
  6 black bears
  A phantom (D:9)
  A necrophage (D:5)
  20 ogres
  24 wolves
  9 boggarts
  A wolf (shapeshifter) (Vaults:1)
  11 centaurs
  12 crocodiles
  6 big kobolds (Sewer)
  12 bullfrogs
  Dowan (D:7)
  A gnoll sergeant (D:13)
  6 scorpions
  14 killer bees
  11 wights
  A howler monkey (D:6)
  4 electric eels
  A bullfrog zombie (D:9)
  5 centaur zombies
  3 quasits
  A lava snake (D:8)
  22 orc priests
  6 jellies
  7 hounds
  21 orc wizards
  A bullfrog skeleton (D:7)
  5 iguanas
  Jessica (D:3)
  Terence (D:3)
  14 worker ants
  5 hell rats (Lair:5)
  2 hound zombies
  8 gnolls
  25 adders
  A howler monkey skeleton (D:6)
  5 river rats
  3 shadow imps
  12 white imps
  10 ufetubi
  4 oozes (Sewer)
  4 worms
  4 leopard geckos
  113 orcs
  9 bats
  4 giant cockroaches
  12 goblins
  9 hobgoblins
  10 jackals
  8 quokkas
  4 ball pythons
  5 frilled lizards
  A jackal skeleton (D:5)
  22 kobolds
  2 leopard gecko skeletons (D:6)
  12 rats
1326 creatures vanquished.

Vanquished Creatures (others)
  A reaper (IceCv)
  2 white imps (IceCv)
  4 ufetubi (IceCv)
  2 orcs
  2 goblins (D:14)
  23 fungi
  25 plants
  11 toadstools (Lair:5)
70 creatures vanquished.

Grand Total: 1396 creatures vanquished

Notes
Turn   | Place    | Note
-------+----------+-------------------------------------------
     0 | D:1      | Illumine the Gnoll Fighter began the quest for the Orb.
     0 | D:1      | Reached XP level 1. HP: 23/23 MP: 1/1
   220 | D:1      | Reached XP level 2. HP: 29/29 MP: 2/2
   445 | D:1      | Upgraded the game from 0.26-a0-350-gb49d02c to
                  | 0.26-a0-356-gfe224cc
   909 | D:2      | Reached XP level 3. HP: 35/35 MP: 3/3
  1096 | D:2      | Found a sparkling altar of Nemelex Xobeh.
  1323 | D:2      | Reached skill level 1 in Invocations
  1574 | D:2      | Reached skill level 1 in Short Blades
  1574 | D:2      | Reached skill level 1 in Axes
  1574 | D:2      | Reached skill level 1 in Maces & Flails
  1574 | D:2      | Reached skill level 1 in Polearms
  1574 | D:2      | Reached skill level 1 in Staves
  1574 | D:2      | Reached skill level 1 in Slings
  1574 | D:2      | Reached skill level 1 in Bows
  1574 | D:2      | Reached skill level 1 in Crossbows
  1574 | D:2      | Reached skill level 1 in Throwing
  1574 | D:2      | Reached skill level 1 in Dodging
  1574 | D:2      | Reached skill level 1 in Stealth
  1574 | D:2      | Reached skill level 1 in Unarmed Combat
  1574 | D:2      | Reached skill level 1 in Spellcasting
  1574 | D:2      | Reached skill level 1 in Evocations
  1574 | D:2      | Reached XP level 4. HP: 20/41 MP: 5/5
  1933 | D:3      | Reached skill level 1 in Conjurations
  1933 | D:3      | Reached skill level 1 in Hexes
  1933 | D:3      | Reached skill level 1 in Summonings
  1933 | D:3      | Reached skill level 1 in Necromancy
  1933 | D:3      | Reached skill level 1 in Translocations
  1933 | D:3      | Reached skill level 1 in Transmutations
  1933 | D:3      | Reached skill level 1 in Fire Magic
  1933 | D:3      | Reached skill level 1 in Ice Magic
  1933 | D:3      | Reached skill level 1 in Air Magic
  1933 | D:3      | Reached skill level 1 in Earth Magic
  1933 | D:3      | Reached skill level 1 in Poison Magic
  1933 | D:3      | Reached XP level 5. HP: 32/47 MP: 6/6
  2135 | D:3      | Noticed Terence
  2165 | D:3      | Killed Terence
  2389 | D:3      | Reached XP level 6. HP: 39/53 MP: 8/8
  2505 | D:3      | Found a glowing golden altar of the Shining One.
  2506 | D:3      | Found a radiant altar of Vehumet.
  2578 | D:3      | Noticed Jessica
  2581 | D:3      | Found a burning altar of Makhleb.
  2591 | D:3      | Killed Jessica
  2946 | D:4      | Found a staircase to the Ecumenical Temple.
  2959 | D:4      | Reached skill level 5 in Long Blades
  2965 | Temple   | Entered the Ecumenical Temple
  3348 | D:4      | Found Muozxim's Gadget Emporium.
  3736 | D:5      | Entered Level 5 of the Dungeon
  3764 | D:5      | Reached XP level 7. HP: 52/59 MP: 10/10
  3835 | D:5      | Found a basalt altar of Yredelemnul.
  3966 | D:5      | Found a glowing drain.
  3990 | Sewer    | Entered a sewer
  4436 | Sewer    | Reached XP level 8. HP: 64/67 MP: 12/12
  4905 | D:5      | Noticed Pikel
  4925 | D:5      | Noticed Sigmund
  4934 | D:5      | Killed Pikel
  5069 | D:5      | Reached XP level 9. HP: 72/72 MP: 14/14
  5223 | D:5      | Killed Sigmund
  5599 | D:6      | Found a sacrificial altar of Ru.
  5941 | D:6      | Found an iron altar of Okawaru.
  5941 | D:6      | Found an ornate altar of the Wu Jian Council.
  6216 | D:6      | Became a worshipper of Warmaster Okawaru
  6736 | D:7      | Noticed Duvessa
  6738 | D:7      | Noticed Dowan
  6751 | D:7      | Killed Duvessa
  6761 | D:7      | Killed Dowan
  6899 | D:8      | Found Gifau's Assorted Antiques.
  6914 | D:8      | Bought a triangular malachite amulet for 145 gold pieces
  6998 | D:8      | Reached skill level 5 in Invocations
  7054 | D:8      | Found a staircase to the Lair.
  7113 | D:8      | Reached * piety under Okawaru
  7497 | D:8      | Reached XP level 10. HP: 69/80 MP: 14/17
  8148 | D:8      | Reached skill level 5 in Short Blades
  8148 | D:8      | Reached skill level 5 in Axes
  8148 | D:8      | Reached skill level 5 in Maces & Flails
  8148 | D:8      | Reached skill level 5 in Polearms
  8148 | D:8      | Reached skill level 5 in Staves
  8148 | D:8      | Reached skill level 5 in Slings
  8148 | D:8      | Reached skill level 5 in Bows
  8148 | D:8      | Reached skill level 5 in Crossbows
  8148 | D:8      | Reached skill level 5 in Throwing
  8148 | D:8      | Reached skill level 5 in Dodging
  8148 | D:8      | Reached skill level 5 in Stealth
  8148 | D:8      | Reached skill level 5 in Unarmed Combat
  8148 | D:8      | Reached skill level 5 in Spellcasting
  8148 | D:8      | Reached skill level 5 in Evocations
  8630 | D:8      | Noticed Joseph
  8654 | D:8      | Killed Joseph
  8654 | D:8      | Reached ** piety under Okawaru
  9854 | D:9      | Found a white marble altar of Elyvilon.
  9854 | D:9      | Found a blossoming altar of Fedhas.
  9944 | D:10     | Entered Level 10 of the Dungeon
 10164 | D:10     | Reached *** piety under Okawaru
 10187 | D:10     | Found Lailli Sugy's Assorted Antiques.
 10191 | D:10     | Noticed a gargoyle
 10229 | D:10     | Killed a gargoyle
 10467 | D:10     | Reached XP level 11. HP: 80/87 MP: 16/19
 10561 | D:10     | Paralysed by a floating eye for 4 turns
 10603 | D:10     | Paralysed by a floating eye for 2 turns
 10609 | D:10     | Paralysed by a floating eye for 2 turns
 10850 | D:10     | Got an encrusted halberd
 10863 | D:10     | Identified the +1 halberd "Xote" {speed, rN++ SInv Stlth-}
                  | (You found it on level 10 of the Dungeon)
 11208 | D:10     | Reached **** piety under Okawaru
 11208 | D:10     | Reached skill level 5 in Conjurations
 11208 | D:10     | Reached skill level 5 in Hexes
 11208 | D:10     | Reached skill level 5 in Summonings
 11208 | D:10     | Reached skill level 5 in Necromancy
 11208 | D:10     | Reached skill level 5 in Translocations
 11208 | D:10     | Reached skill level 5 in Transmutations
 11208 | D:10     | Reached skill level 5 in Fire Magic
 11208 | D:10     | Reached skill level 5 in Ice Magic
 11208 | D:10     | Reached skill level 5 in Air Magic
 11208 | D:10     | Reached skill level 5 in Earth Magic
 11208 | D:10     | Reached skill level 5 in Poison Magic
 11268 | Lair:1   | Entered Level 1 of the Lair of Beasts
 11469 | Lair:1   | Noticed Nergalle
 11486 | Lair:1   | Killed Nergalle
 11565 | Lair:1   | Noticed a four-headed hydra
 11581 | Lair:1   | Killed a four-headed hydra
 11581 | Lair:1   | Received a gift from Okawaru
 12682 | Lair:2   | Reached ***** piety under Okawaru
 13106 | Lair:2   | Received a gift from Okawaru
 13106 | Lair:2   | Reached XP level 12. HP: 84/96 MP: 19/22
 13636 | Lair:2   | Upgraded the game from 0.26-a0-356-gfe224cc to
                  | 0.26-a0-357-gd2331e5
 13684 | Lair:3   | Found a frozen archway.
 13756 | IceCv    | Entered an ice cave
 13777 | IceCv    | Received a gift from Okawaru
 13873 | IceCv    | Killed a reaper
 14173 | IceCv    | HP: 4/96 [something (12)]
 15243 | IceCv    | Got a bound brass ring
 15693 | Lair:3   | Identified the ring "Hucwaw" {Ice rPois} (You found it in
                  | an ice cave)
 16023 | Lair:3   | Found a staircase to the Swamp.
 16417 | Lair:3   | Identified 3 scrolls of acquirement
 16417 | Lair:3   | Acquired a +0 pair of gloves of dexterity
 16460 | Lair:2   | Acquired a +2 crystal plate armour
 16461 | Lair:2   | Acquired the +0 helmet of Womess {rCorr}
 16676 | Lair:3   | Reached skill level 10 in Fighting
 16676 | Lair:3   | Reached skill level 10 in Armour
 16676 | Lair:3   | Reached skill level 10 in Shields
 17261 | Lair:4   | Upgraded the game from 0.26-a0-357-gd2331e5 to
                  | 0.26-a0-360-g20a70ad
 17286 | Lair:4   | Noticed a four-headed hydra
 17304 | Lair:4   | Killed a four-headed hydra
 17324 | Lair:4   | Found a staircase to the Snake Pit.
 17335 | Lair:4   | Noticed a death yak
 17364 | Lair:4   | Killed a death yak
 17364 | Lair:4   | Received a gift from Okawaru
 17364 | Lair:4   | Reached XP level 13. HP: 82/103 MP: 18/24
 17365 | Lair:4   | Got an encrusted ring mail {god gift}
 17381 | Lair:4   | Identified the +0 ring mail "Doreof" {rPois rC+ Int-2}
                  | (Okawaru gifted it to you on level 4 of the Lair of Beasts)
 18787 | Lair:5   | Found a runed translucent door.
 18788 | Lair:5   | Found a viscous altar of Jiyva.
 18790 | Lair:5   | Found a staircase to the Slime Pits.
 19046 | Lair:5   | Received a gift from Okawaru
 19058 | Lair:5   | Got a warped hand crossbow {god gift}
 19059 | Lair:5   | Identified the +3 hand crossbow "Huporog" {vorpal, rElec}
                  | (Okawaru gifted it to you on level 5 of the Lair of Beasts)
 19313 | Lair:5   | Reached XP level 14. HP: 111/111 MP: 26/26
 19733 | Lair:5   | Reached skill level 10 in Long Blades
 20242 | Lair:5   | Found the +3 giant club "Skullcrusher" {speed, Str+7}
 20261 | Lair:5   | Found a runed translucent door.
 20346 | Lair:5   | Received a gift from Okawaru
 20815 | Lair:6   | Entered Level 6 of the Lair of Beasts
 20906 | Lair:6   | Noticed Nessos
 20918 | Lair:6   | Killed Nessos
 21181 | Lair:6   | Reached skill level 10 in Invocations
 21831 | Lair:6   | Received a gift from Okawaru
 22093 | Lair:6   | Reached XP level 15. HP: 115/119 MP: 26/28
 22115 | Lair:6   | Reached ****** piety under Okawaru
 23460 | D:11     | Found Qoce's Assorted Antiques.
 23798 | D:11     | Noticed a tengu reaver
 23818 | D:11     | Killed a tengu reaver
 23818 | D:11     | Received a gift from Okawaru
 23858 | D:11     | Noticed a sphinx
 23871 | D:11     | Killed a sphinx
 23923 | D:11     | Got an iridescent morningstar
 23924 | D:11     | Identified the +11 morningstar of the Special Allies
                  | {drain, Fragile rElec SInv} (You found it on level 11 of
                  | the Dungeon)
 23945 | D:11     | Noticed a fire giant
 23953 | D:11     | Killed a fire giant
 24107 | D:11     | Noticed a fire giant
 24113 | D:11     | Killed a fire giant
 24182 | D:11     | Got a jewelled chain mail
 24193 | D:11     | Identified the +1 chain mail "Sosafuc" {+Blink Int-2 Dex+3}
                  | (You found it on level 11 of the Dungeon)
 24237 | D:11     | Got a jewelled flail
 24238 | D:11     | Identified the +11 flail of Hospitality {speed, rElec MP+9}
                  | (You found it on level 11 of the Dungeon)
 24472 | D:12     | Found a staircase to the Orcish Mines.
 24694 | D:12     | Reached skill level 10 in Short Blades
 24694 | D:12     | Reached skill level 10 in Axes
 24694 | D:12     | Reached skill level 10 in Maces & Flails
 24694 | D:12     | Reached skill level 10 in Polearms
 24694 | D:12     | Reached skill level 10 in Staves
 24694 | D:12     | Reached skill level 10 in Slings
 24694 | D:12     | Reached skill level 10 in Bows
 24694 | D:12     | Reached skill level 10 in Crossbows
 24694 | D:12     | Reached skill level 10 in Throwing
 24694 | D:12     | Reached skill level 10 in Dodging
 24694 | D:12     | Reached skill level 10 in Stealth
 24694 | D:12     | Reached skill level 10 in Unarmed Combat
 24694 | D:12     | Reached skill level 10 in Spellcasting
 24694 | D:12     | Reached skill level 10 in Evocations
 25320 | Orc:1    | Entered Level 1 of the Orcish Mines
 25723 | Orc:2    | Entered Level 2 of the Orcish Mines
 26063 | Orc:2    | Found Ulieriejum's General Store.
 26090 | Orc:2    | Found a roughly hewn altar of Beogh.
 26161 | Orc:2    | Found a roughly hewn altar of Beogh.
 26188 | Orc:2    | Found a roughly hewn altar of Beogh.
 26354 | Orc:2    | Received a gift from Okawaru
 26440 | Orc:2    | Found a roughly hewn altar of Beogh.
 26744 | Orc:2    | Received a gift from Okawaru
 26771 | Orc:2    | Found a roughly hewn altar of Beogh.
 26808 | Orc:2    | Noticed an orc warlord
 26834 | Orc:2    | Killed an orc warlord
 26885 | Orc:2    | Found a roughly hewn altar of Beogh.
 26885 | Orc:2    | Found Utaps's Antique Armour Shoppe.
 26900 | Orc:2    | Found Limemull's Antique Weapon Emporium.
 26920 | Orc:2    | Bought a bloodstained fustibalus for 720 gold pieces
 27159 | Orc:2    | Found a roughly hewn altar of Beogh.
 27179 | Orc:2    | Found Usau's General Store.
 27202 | Orc:2    | Bought an uncursed amulet of reflection for 390 gold pieces
 27250 | Orc:2    | Found a roughly hewn altar of Beogh.
 27307 | Orc:2    | Found a staircase to the Elven Halls.
 27336 | Orc:2    | Found Ytinlasu's Assorted Antiques.
 27684 | D:13     | Noticed Azrael
 27700 | D:13     | Killed Azrael
 27704 | D:13     | Noticed Josephine
 27708 | D:13     | Reached XP level 16. HP: 33/127 MP: 23/30
 27720 | D:13     | Killed Josephine
 28373 | D:13     | Received a gift from Okawaru
 28718 | D:14     | Found a gate to the Vaults.
 28828 | D:14     | Found Faysm's Armour Boutique.
 28865 | D:14     | Found a flagged portal.
 28873 | Bailey   | Entered a bailey
 28956 | Bailey   | Learned a level 1 spell: Apportation
 29104 | D:14     | Identified the +7 fustibalus "Olisugie" {vorpal, Str+4
                  | Int+4} (You bought it in a shop on level 2 of the Orcish
                  | Mines)
 29154 | D:14     | Found Juinim's Distillery.
 29234 | D:14     | Found Wieqoug's Weapon Emporium.
 29239 | D:14     | Bought the +8 longbow "Zephyr" {speed, Dex+3 SInv} for 781
                  | gold pieces
 29239 | D:14     | Found the +8 longbow "Zephyr" {speed, Dex+3 SInv}
 30362 | D:15     | Entered Level 15 of the Dungeon
 30492 | D:15     | Received a gift from Okawaru
 30898 | D:15     | Received a gift from Okawaru
 30900 | D:15     | Found a staircase to the Depths.
 30915 | D:15     | Received a gift from Okawaru
 31057 | D:15     | Found Jyddic's General Store.
 31167 | D:15     | Found a shattered altar of Ashenzari.
 31204 | D:15     | Upgraded the game from 0.26-a0-360-g20a70ad to
                  | 0.26-a0-363-gf1efd62
 31415 | D:15     | Received a gift from Okawaru
 31550 | D:15     | Learned a level 2 spell: Wereblood
 32243 | Swamp:1  | Entered Level 1 of the Swamp
 32243 | Swamp:1  | Noticed a thorn hunter
 32254 | Swamp:1  | Killed a thorn hunter
 32254 | Swamp:1  | Reached XP level 17. HP: 111/135 MP: 32/32
 32920 | Swamp:1  | Received a gift from Okawaru
 33495 | Swamp:2  | Identified the +5 falchion of Drought {protect, rF+} (You
                  | found it on level 2 of the Swamp)
 33831 | Swamp:2  | Received a gift from Okawaru
 33832 | Swamp:2  | Got an amethyst-encrusted ring mail {god gift}
 33845 | Swamp:2  | Identified the +5 ring mail of the Grue {rPois rCorr Str+3}
                  | (Okawaru gifted it to you on level 2 of the Swamp)
 34639 | Swamp:4  | Entered Level 4 of the Swamp
 35858 | Swamp:4  | Noticed the 27-headed Lernaean hydra
 35880 | Swamp:4  | Killed the 27-headed Lernaean hydra
 35880 | Swamp:4  | Received a gift from Okawaru
 35880 | Swamp:4  | Reached skill level 10 in Conjurations
 35880 | Swamp:4  | Reached skill level 10 in Hexes
 35880 | Swamp:4  | Reached skill level 10 in Summonings
 35880 | Swamp:4  | Reached skill level 10 in Necromancy
 35880 | Swamp:4  | Reached skill level 10 in Translocations
 35880 | Swamp:4  | Reached skill level 10 in Transmutations
 35880 | Swamp:4  | Reached skill level 10 in Fire Magic
 35880 | Swamp:4  | Reached skill level 10 in Ice Magic
 35880 | Swamp:4  | Reached skill level 10 in Air Magic
 35880 | Swamp:4  | Reached skill level 10 in Earth Magic
 35880 | Swamp:4  | Reached skill level 10 in Poison Magic
 35908 | Swamp:4  | Got a decaying rune of Zot
 36016 | Swamp:4  | Reached XP level 18. HP: 36/143 MP: 33/33
 36129 | Lair:2   | Upgraded the game from 0.26-a0-363-gf1efd62 to
                  | 0.26-a0-365-g11c2b62
 36370 | Snake:1  | Entered Level 1 of the Snake Pit
 36640 | Snake:1  | Found Coguutro's Magic Scroll Shoppe.
 36981 | Snake:1  | Found Ifrop's Book Shop.
 37039 | Snake:1  | Found Adole's General Store.
 37065 | Snake:1  | Found Zenoblar's Magic Scroll Boutique.
 37115 | Snake:1  | Bought a scroll of acquirement for 884 gold pieces
 37115 | Snake:1  | Acquired the +1 cloak of Beastly Freedom {MR++}
 37124 | Snake:1  | Received a gift from Okawaru
 37167 | Snake:1  | Got a crude ring mail {god gift}
 37316 | Snake:1  | Identified the +5 ring mail "Garchaonk" {rPois} (Okawaru
                  | gifted it to you on level 1 of the Snake Pit)
 38553 | Snake:2  | Found Xijia's Magic Scroll Shop.
 39073 | Snake:2  | Noticed Aizul
 39089 | Snake:2  | Killed Aizul
 40028 | Snake:3  | Received a gift from Okawaru
 40743 | Snake:3  | Noticed Asterion
 40754 | Snake:3  | Killed Asterion
 40931 | Snake:3  | Found Citiezoy's General Store.
 40996 | Snake:4  | Entered Level 4 of the Snake Pit
 41453 | Snake:4  | Reached XP level 19. HP: 143/151 MP: 35/35
 41862 | Snake:4  | Received a gift from Okawaru
 42380 | Snake:1  | Bought a book of Debilitation for 600 gold pieces
 42384 | Snake:1  | Learned a level 3 spell: Portal Projectile
 42975 | Snake:4  | Got a serpentine rune of Zot
 42991 | Snake:4  | Received a gift from Okawaru
 42992 | Snake:4  | Got an ancient crystal plate armour {god gift}
 42993 | Snake:4  | Identified the +7 crystal plate armour of the Endless
                  | Expanse {Str+4 Int+3} (Okawaru gifted it to you on level 4
                  | of the Snake Pit)
 43689 | Vaults:1 | Entered Level 1 of the Vaults
 45065 | Vaults:1 | Found Ylaqes's Magic Scroll Shoppe.
 45116 | Vaults:1 | Found Iggau's General Store.
 45827 | Vaults:2 | Noticed a Hell Sentinel
 45830 | Vaults:2 | Gained mutation: Your body sometimes deteriorates upon
                  | taking damage. [a cacodemon]
 45831 | Vaults:2 | HP: 4/152 [balrug/+0 demon whip[an ironheart preserver]
                  | (27)]
 45832 | Vaults:2 | Mangled by a balrug

Illustrated notes

Levels and vault maps discovered:
D:1:      heliophobic_arrival_dark_side_of_the_moon, layout_basic
D:2:      layout_basic, nemelex_xobeh_ov_fountains_minmay
D:3:      layout_rooms, grunt_temple_overflow_open, bloody_makhleb,
          kennysheep_generic_room_8, uniq_jessica, uniq_terence
D:4:      layout_basic, minmay_temple_entry_grid, serial_shops, kennysheep_mini
D:5:      layout_loops_ring, lemuel_crystal_altar, gup_sewer_entry_bubbles,
          uniq_pikel, uniq_sigmund
D:6:      layout_rooms, nicolae_overflow_hidden_temple,
          chequers_temple_overflow_statue_of_worship
D:7:      layout_gridville, grunt_decor_mini_mirrors, uniq_duvessa
D:8:      layout_basic, lair_entry_dummy, serial_shops, shop,
          nicolae_lava_and_water, uniq_joseph
D:9:      layout_basic, amethyst_overflow_temple_binary
D:10:     layout_rooms, serial_shops, nicolae_shop_overgrown_old_shop,
          onia_ninara_cookie
D:11:     minmay_tearing_corner, layout_rooms, serial_shops,
          nicolae_shop_overgrown_old_shop
D:12:     layout_loops_corners, orc_0_dummy, minmay_parallelograms
D:13:     layout_irregular_city, uniq_josephine, uniq_azrael
D:14:     layout_basic, erik_vaults_2, serial_shops, nicolae_shop_trees, shop,
          shop, enter_bailey_3, minmay_misc_feat_cross,
          nicolae_looking_at_the_future
D:15:     grunt_enter_depths_magical_seal, layout_basic, serial_shops,
          nicolae_shop_waterfront, serial_bayou_ford_a, evilmike_ruin_ashenzari
Temple:   nicolae_temple_figure_eight
Lair:1:   layout_regular_city, chequers_serial_rivers_micro_d, uniq_nergalle
Lair:2:   layout_regular_city, grunt_megastairs_3, serial_bayou_shore_b,
          serial_bayou_shore_a, lemuel_fruit_fields
Lair:3:   layout_regular_city, minmay_swamp_entry_worms,
          portal_ice_cave_entry_pillars_2, grunt_megastairs_2
Lair:4:   layout_roguey [special_room_mythical_zoo],
          minmay_snake_entry_guardpost_small, beast_lair_carwin_4,
          serial_bayou_shore_b
Lair:5:   gammafunk_lair_enchanted_lake, layout_cave_pods, slime_altar_2,
          kilobyte_rumbling_trees
Lair:6:   minmay_lair_end_enchanted_forest, layout_layer_cave,
          nicolae_quartered_pool_medium, uniq_nessos
Swamp:1:  layout_basic_swamp, hangedman_swamp_pad
Swamp:2:  layout_falls_marsh, evilmike_swamp_ruin_house_1
Swamp:3:  layout_falls_marsh, serial_swamp_ruin, evilmike_swamp_ruin_rubble_2,
          evilmike_swamp_ruin_house_6, evilmike_swamp_ruin_house_2,
          cheibrodos_swamp_pet_leeches
Swamp:4:  grunt_swamp_rune_castle, layout_basic_swamp, swamp_pool2,
          infiniplex_staircase_pool_2
Snake:1:  layout_gridlike, serial_shops, nicolae_shop_crystal, shop, shop,
          nicolae_shop_behind_doors
Snake:2:  layout_chambers, serial_shops, nicolae_shop_waterfront, st_stairs_4,
          uniq_aizul
Snake:3:  layout_gridlike, serial_shops, shop, uniq_asterion
Snake:4:  snake_pit, layout_chambers, grunt_ministairs_15,
          nicolae_snake_round_shape_thing, serial_bayou_shore_b
Orc:1:    layout_caves
Orc:2:    grunt_orc_community_town_hall, layout_caves,
          grunt_orc_community_big_house_2, grunt_orc_community_big_house_1,
          grunt_orc_community_house_3, grunt_orc_community_house_1,
          grunt_orc_community_house_2, grunt_orc_community_house_1,
          grunt_orc_community_house_2, basic_altar, serial_shops,
          nicolae_shop_competitors_out_of_business
Vaults:1: v_alt_pattern_1, vaults_room_mumra_shop_pool, hangedman_vaults_slice,
          hangedman_vaults_stream, vaults_mumra_minichess_inversion,
          grunt_vaults_funnel, layout_vaults_omnigrid, serial_shops, shop
Vaults:2: ontoclasm_vaults_twist, nicolae_vaults_sealed_display, v_misc_16,
          v_misc_5, dpeg_vaults_monster_box, hangedman_vaults_cutoff,
          vaults_dpeg_spiral, ontoclasm_vaults_misaligned, vaults_room_pools,
          v_misc_28, hangedman_vaults_hat, nicolae_vaults_ring_of_whatevers,
          vaults_room_semicircle, layout_vaults_omnicross, serial_shops,
          bzr_in_the_mist

Skill      XL: |  1  2  3  4  5  6  7  8  9 10 11 12 13 14 15 16 17 18 19 |
---------------+----------------------------------------------------------+-----
Invocations    | 1 2 3 4 5 6 7 8 9 10 11 12 13 | 13.9
Short Blades   | 1 2 3 4 5 6 7 8 9 10 11 12 | 12.9
Axes           | 1 2 3 4 5 6 7 8 9 10 11 12 | 12.9
Maces & Flails | 1 2 3 4 5 6 7 8 9 10 11 12 | 12.9
Polearms       | 1 2 3 4 5 6 7 8 9 10 11 12 | 12.9
Staves         | 1 2 3 4 5 6 7 8 9 10 11 12 | 12.9
Slings         | 1 2 3 4 5 6 7 8 9 10 11 12 | 12.9
Bows           | 1 2 3 4 5 6 7 8 9 10 11 12 | 12.9
Crossbows      | 1 2 3 4 5 6 7 8 9 10 11 12 | 12.9
Throwing       | 1 2 3 4 5 6 7 8 9 10 11 12 | 12.9
Dodging        | 1 2 3 4 5 6 7 8 9 10 11 12 | 12.9
Stealth        | 1 2 3 4 5 6 7 8 9 10 11 12 | 12.9
Unarmed Combat | 1 2 3 4 5 6 7 8 9 10 11 12 | 12.9
Spellcasting   | 1 2 3 4 5 6 7 8 9 10 11 12 | 12.9
Evocations     | 1 2 3 4 5 6 7 8 9 10 11 12 | 12.9
Conjurations   | 1 2 3 4 5 6 7 8 9 10 11 | 11.1
Hexes          | 1 2 3 4 5 6 7 8 9 10 11 | 11.1
Summonings     | 1 2 3 4 5 6 7 8 9 10 11 | 11.1
Necromancy     | 1 2 3 4 5 6 7 8 9 10 11 | 11.1
Translocations | 1 2 3 4 5 6 7 8 9 10 11 | 11.1
Transmutations | 1 2 3 4 5 6 7 8 9 10 11 | 11.1
Fire Magic     | 1 2 3 4 5 6 7 8 9 10 11 | 11.1
Ice Magic      | 1 2 3 4 5 6 7 8 9 10 11 | 11.1
Air Magic      | 1 2 3 4 5 6 7 8 9 10 11 | 11.1
Earth Magic    | 1 2 3 4 5 6 7 8 9 10 11 | 11.1
Poison Magic   | 1 2 3 4 5 6 7 8 9 10 11 | 11.1
Long Blades    | 5 6 7 8 9 10 11 12 13 | 13.5
Fighting       | 7 8 9 10 11 12 13 14 | 14.2
Armour         | 7 8 9 10 11 12 13 14 | 14.2
Shields        | 7 8 9 10 11 12 13 14 | 14.2

Action                   |  1- 3 |  4- 6 |  7- 9 | 10-12 | 13-15 | 16-18 | 19-21 || total
-------------------------+-------+-------+-------+-------+-------+-------+-------++-------
Melee: Long sword        |   122 |   158 |   506 |   458 |       |       |       ||  1244
       Bite              |    18 |    16 |    67 |   191 |   267 |   211 |    42 ||   812
       Halberd           |       |       |       |   415 |       |       |       ||   415
       Mace              |       |       |       |    21 |    14 |       |       ||    35
       Demon blade       |       |       |       |   161 |  1011 |   154 |   170 ||  1496
       Morningstar       |       |       |       |       |   414 |   187 |       ||   601
       Flail             |       |       |       |       |       |   745 |     8 ||   753
       Punch             |       |       |       |       |       |    78 |    15 ||    93
 Fire: Hand crossbow     |       |       |       |       |    23 |       |       ||    23
       Longbow           |       |       |       |       |       |   660 |   366 ||  1026
Throw: Boomerang         |       |       |       |       |       |     9 |       ||     9
 Cast: Apportation       |       |       |       |       |       |    56 |       ||    56
       Portal Projectile |       |       |       |       |       |       |     8 ||     8
Invok: Heroism           |       |       |       |    11 |    14 |    11 |     1 ||    37
       Finesse           |       |       |       |     1 |     4 |     3 |     1 ||     9
  Use: Potion            |       |     1 |     1 |     1 |       |     4 |     3 ||    10
       Scroll            |       |       |    14 |    12 |    19 |    15 |     1 ||    61
 Stab: Sleeping          |       |       |     2 |       |       |     2 |       ||     4
       Invisible         |       |       |       |       |       |     4 |       ||     4
Armor: Scale mail        |    52 |   104 |   159 |     6 |       |       |       ||   321
       Plate armour      |       |       |       |   137 |       |       |       ||   137
       Chain mail        |       |       |       |   215 |       |       |       ||   215
       Crystal plate arm |       |       |       |    25 |   540 |   361 |   114 ||  1040
       Ring mail         |       |       |       |       |       |    81 |       ||    81
Dodge: Dodged            |    35 |    97 |   177 |   376 |   412 |   550 |   107 ||  1754
       Repelled          |       |       |       |    10 |    10 |    29 |       ||    49
Block: Kite shield       |    73 |   156 |   333 |   398 |  1020 |   182 |       ||  2162
       Reflection        |       |       |       |       |     6 |    93 |    11 ||   110
       Other             |       |       |       |       |       |   163 |    47 ||   210
       Rpst.: Long sword |    15 |    41 |    55 |    30 |       |       |       ||   141
       Demon blade       |       |       |       |     8 |    56 |    17 |    16 ||    97

Table legend: (Time is in decaauts)
 A = Elapsed time spent in this place.
 B = Non-inter-level travel time spent in this place.
 C = Inter-level travel time spent in this place.
 D = Time resting spent in this place.
 E = Time spent auto-exploring this place.
 F = Levels seen in this place.
 G = Mean time per level.
                   A        B        C        D        E       F      G
               +--------+--------+--------+--------+--------+-----+--------+
         Total |  45131 |  42741 |   2390 |   9641 |  23062 |  37 | 1219.8 |
       Dungeon |  17307 |  16218 |   1089 |   2463 |  10155 |  15 | 1153.8 |
        Temple |    207 |    197 |     10 |      0 |    196 |   1 |  207.0 |
          Lair |  10371 |   9573 |    798 |   2630 |   4614 |   6 | 1728.5 |
         Swamp |   3730 |   3634 |     96 |    679 |   1977 |   4 |  932.5 |
     Snake Pit |   6682 |   6364 |    318 |   1642 |   3606 |   4 | 1670.5 |
  Orcish Mines |   1892 |   1854 |     38 |    420 |    729 |   2 |  946.0 |
        Vaults |   2043 |   2004 |     39 |    549 |   1173 |   2 | 1021.5 |
         Sewer |   1018 |   1018 |      0 |     24 |    610 |   1 | 1018.0 |
        Bailey |    178 |    178 |      0 |     14 |      0 |   1 |  178.0 |
      Ice Cave |   1699 |   1699 |      0 |   1219 |      0 |   1 | 1699.0 |
               +--------+--------+--------+--------+--------+-----+--------+
